 Dungeon Crawl Stone Soup version 0.24-a0-447-ge8da9206dc (webtiles) character file.

Game seed: 2160361888321848023

592 pk666 the Magician (level 7, -2/36 HPs)
             Began as a Deep Elf Wizard on June 26, 2019.
             Slain by a gnoll shaman
             ... wielding a +0 whip
              (6 damage)
             ... on level 4 of the Dungeon.
             The game lasted 00:06:45 (4103 turns).

pk666 the Magician (Deep Elf Wizard)                Turns: 4103, Time: 00:06:45

Health: -2/36      AC:  2    Str:  4    XL:     7   Next: 16%
Magic:  14/27      EV: 13    Int: 25    God:
Gold:   210        SH:  0    Dex: 13    Spells: 9/18 levels left

rFire    . . .     SeeInvis .   e - +0 dagger
rCold    . . .     Gourm    .   (no shield)
rNeg     . . .     Faith    .   a - +0 robe
rPois    .         Spirit   .   b - +0 hat
rElec    .         Reflect  .   (no cloak)
rCorr    .         Harm     .   (no gloves)
MR       .....                  (no boots)
Stlth    ++........             (no amulet)
HPRegen  0.12/turn              i - ring of magical power
MPRegen  0.20/turn              (no ring)

@: very slightly contaminated
A: no striking features
a: no special abilities


You were on level 4 of the Dungeon.
You were not hungry.

You visited 1 branch of the dungeon, and saw 4 of its levels.
You also visited: Sewer.

You collected 210 gold pieces.

Inventory:

Hand Weapons
 e - a +0 dagger (weapon)
Armour
 a - a +0 robe (worn)
 b - a +0 hat (worn)
Jewellery
 f - an uncursed amulet of faith
 i - a ring of magical power (left hand)
 q - an uncursed ring of poison resistance {unknown}
Scrolls
 c - 3 scrolls of remove curse {unknown}
 h - 5 scrolls of teleportation {unknown}
 j - 5 scrolls of fear {unknown}
 m - 2 scrolls of identify {unknown}
 n - a scroll of blinking {unknown}
Potions
 g - 2 potions of haste {unknown}
 k - 3 potions of mutation {unknown}
 l - 4 potions of heal wounds {unknown}
 o - a potion of magic {unknown}
 p - 4 potions of brilliance {unknown}
 r - a potion of agility {unknown}
Comestibles
 d - 11 rations


   Skills:
 - Level 3.1 Dodging
 - Level 2.4 Stealth
 + Level 6.3 Spellcasting
 + Level 4.0 Conjurations
   Level 1.1 Summonings
 - Level 3.0 Translocations
 + Level 2.9 Fire Magic
 - Level 2.0 Air Magic
 + Level 2.9 Poison Magic


You had 9 spell levels left.
You knew the following spells:

 Your Spells              Type           Power        Failure   Level  Hunger
a - Magic Dart            Conj           ####         1%          1    None
b - Blink                 Tloc           N/A          3%          2    None
c - Conjure Flame         Conj/Fire      ####....     5%          3    None
d - Mephitic Cloud        Conj/Pois/Air  ###.....     6%          3    None

Your spell library contained the following spells:

 Spells                   Type           Power        Failure   Level  Hunger
 Call Imp                 Summ           ##......     7%          2    None
 Slow                     Hex            #.......     11%         2    None


Dungeon Overview and Level Annotations

Branches:
Dungeon (4/15)
 Temple: D:4-7

Altars:
Dithmenos


Message History

The magic dart hits the orc!
You kill the orc!
Casting: Magic Dart (safe; 1% risk of failure)
Confirm with . or Enter, or press ? or * to list all spells.
Aiming: Magic Dart (safe; 1% risk of failure)
Press: ? - help, Shift-Dir - straight line, f - gnoll shaman
Aim: a gnoll shaman, wielding a +0 whip and wearing a +0 leather armour The magic dart hits the gnoll shaman but does no damage.
The gnoll shaman hits you with a +0 whip!
* * * LOW HITPOINT WARNING * * *
Casting: Magic Dart (safe; 1% risk of failure)
Confirm with . or Enter, or press ? or * to list all spells.
Aiming: Magic Dart (safe; 1% risk of failure)
Press: ? - help, Shift-Dir - straight line, f/p - gnoll shaman
Aim: a gnoll shaman, wielding a +0 whip and wearing a +0 leather armour The magic dart hits the gnoll shaman but does no damage.
A gnoll comes into view. It is wielding a +0 flail.
An orc comes into view. It is wielding a +0 hand axe.
The gnoll shaman hits you with a +0 whip.
You die...

..........##.#..........#
..........##.#.)........#
..........##...........##
...##.##....#..........#
...#...#....#..........#
...#.⌠.#....+..........
...#...#....##.#+#####
.####W###...##...#######
.. ... #...##..@.......
.. #.gg####### .. #.#o#
#.#.g #.#..# #+#... .....
.g..o


You could see a gnoll shaman, 3 gnolls and 2 orcs.

Vanquished Creatures
  Purgy (Sewer)
  2 phantoms
  3 hounds (D:4)
  Natasha (twice) (D:3)
  A worker ant (D:4)
  A hound skeleton (D:4)
  3 adders
  An ooze (D:3)
  3 worms
  2 dart slugs (D:1)
  5 leopard geckos
  8 orcs
  9 bats
  6 giant cockroaches
  5 goblins
  9 hobgoblins
  9 jackals (D:1)
  9 kobolds
  3 quokkas (D:3)
  A ball python (D:1)
  5 frilled lizards
  A jackal skeleton (D:4)
  12 rats
101 creatures vanquished.

Notes
Turn   | Place    | Note
-------+----------+-------------------------------------------
     0 | D:1      | pk666 the Deep Elf Wizard began the quest for the Orb.
     0 | D:1      | Reached XP level 1. HP: 10/10 MP: 7/7
   273 | D:1      | Reached XP level 2. HP: 15/15 MP: 6/9
   730 | D:1      | Reached XP level 3. HP: 19/19 MP: 11/11
   734 | D:1      | Reached skill level 5 in Spellcasting
   783 | D:1      | Learned a level 2 spell: Blink
   787 | D:1      | Learned a level 3 spell: Conjure Flame
   791 | D:1      | Learned a level 3 spell: Mephitic Cloud
  1467 | D:2      | Found a faded altar of an unknown god.
  1981 | D:2      | Reached XP level 4. HP: 24/24 MP: 13/13
  2385 | D:3      | Reached skill level 1 in Poison Magic
  2394 | D:3      | Reached skill level 1 in Fire Magic
  2529 | D:3      | Noticed a phantom
  2545 | D:3      | Killed a phantom
  2545 | D:3      | Reached skill level 1 in Air Magic
  2545 | D:3      | Reached XP level 5. HP: 20/28 MP: 6/15
  2622 | D:3      | Found a shadowy altar of Dithmenos.
  2634 | D:3      | Found a glowing drain.
  2672 | Sewer    | Entered a sewer
  2866 | Sewer    | Noticed Purgy
  2883 | Sewer    | Killed Purgy
  2883 | Sewer    | Reached XP level 6. HP: 30/32 MP: 8/16
  3436 | D:3      | Noticed Natasha
  3440 | D:3      | Killed Natasha
  3463 | D:3      | Noticed Natasha
  3467 | D:3      | Killed Natasha
  3854 | D:4      | Reached skill level 6 in Spellcasting
  3925 | D:4      | Noticed a sky beast
  3957 | D:4      | Reached XP level 7. HP: 21/36 MP: 12/18
  4103 | D:4      | Slain by a gnoll shaman

Levels and vault maps discovered:
D:1:      kilobyte_arrival_exit_the_forest, layout_rooms,
          grunt_decor_resistance, minmay_indecisive_spiral
D:2:      layout_basic, chequers_ecumenical_altar_simple_redux, first_ration
D:3:      layout_loops_cross, grunt_dithmenos_smoke, portal_sewer_entry_f,
          uniq_natasha
D:4:      layout_basic, minmay_temple_entry_antechambers

Skill      XL: |  1  2  3  4  5  6  7 |
---------------+----------------------+-----
Dodging        | 3 |  3.1
Conjurations   | 2 3 4 |  4.0
Spellcasting   | 5 6 |  6.3
Poison Magic   | 1 2 |  2.9
Fire Magic     | 1 2 |  2.9
Translocations | 2 3 |  3.0
Air Magic      | 1 2 |  2.0
Stealth        | |  2.4
Summonings     | |  1.1

Action                   |  1- 3 |  4- 6 |  7- 9 || total
-------------------------+-------+-------+-------++-------
 Cast: Magic Dart        |   119 |   179 |    16 ||   314
       Blink             |       |     1 |       ||     1
       Conjure Flame     |       |     1 |       ||     1
  Eat: Chunk             |     2 |     7 |       ||     9
Armor: Robe              |       |     9 |       ||     9
Dodge: Dodged            |     9 |    19 |     6 ||    34

Table legend:
 A = Non-vault XP
 B = Vault XP
 C = Vault XP percentage of total XP
 D = Non-vault monster count
 E = Vault monster count
 F = Vault count percentage of total count
                 A         B        C        D         E       F
            +---------+---------+-------+---------+---------+-------
      Total |     646 |     201 |  23.7 |      84 |      17 |  16.8
            +---------+---------+-------+---------+---------+-------
        D:1 |      53 |       8 |  13.1 |      31 |       4 |  11.4
        D:2 |      44 |       0 |   0.0 |      17 |       0 |   0.0
        D:3 |     228 |      48 |  17.4 |      25 |       7 |  21.9
        D:4 |     321 |       0 |   0.0 |      11 |       0 |   0.0
      Sewer |       0 |     145 | 100.0 |       0 |       6 | 100.0
            +---------+---------+-------+---------+---------+-------
